[Event "January 2 Late 2024"]
[Site "https://www.chess.com"]
[Date "2024.01.02"]
[Round "5"]
[White "Smirnov, Timofey"]
[Black "Ferriz Barrios, Andres"]
[Result "1-0"]
[Board "208"]
[TimeControl "180+1"]
[WhiteFideId "24176427"]
[BlackFideId "5104467"]
[WhiteElo "1980"]
[BlackElo "2169"]
[WhiteTeam "RUS"]
[BlackTeam "MEX"]
[WhiteClock "0:00:04"]
[BlackClock "0:01:23"]

1. d4 f5 2. h3 e6 3. g4 fxg4 4. hxg4 d5 5. Qd3 g6 6. Nf3 Bg7 7. Rxh7 Rxh7 8. Qxg6+ Kf8 9. Qxh7 Nf6 10. Bg5 Nxh7 11. Bxd8 c6 12. Nbd2 Bd7 13. O-O-O Be8 14. Ne5 Nd7 15. Nxd7+ Bxd7 16. Bh4 Bxd4 17. Nf3 Bg7 18. Bh3 e5 19. Bg3 Re8 20. Rh1 e4 21. Nd2 Ng5 22. Bd6+ Kg8 23. f3 e3 24. Nf1 b6 25. Bf4 Nxh3 26. Rxh3 d4 27. Ng3 c5 28. Ne4 Kf8 29. Bd6+ Kf7 30. Rh7 Kg6 31. Rh1 Bc6 32. Ng3 c4 33. Nf5 d3 34. Ne7+ Kf7 35. Nxc6 Re6 36. Nd8+ Kf6 37. Nxe6 Kxe6 38. Bf4 d2+ 39. Kd1 Bxb2 40. Bxe3 c3 41. Rh6+ Kd5 42. Rh7 a5 43. Bxb6 a4 44. Ra7 a3 45. Be3 Ke5 46. g5 Kf5 47. Ra5+ Kg6 48. f4 Kh5 49. Ra6 Bc1 50. g6 Kh6 51. f5+ Kg7 52. Ra7+ Kf6 53. Bd4+ Kxf5 54. g7 1-0

[Event "January 2 Late 2024"]
[Site "https://www.chess.com"]
[Date "2024.01.02"]
[Round "5"]
[White "yujiarun18"]
[Black "Alves Campelo, Danilo Cesar De L"]
[Result "0-1"]
[Board "209"]
[TimeControl "180+1"]
[BlackFideId "2123657"]
[WhiteElo "2164"]
[BlackElo "1929"]
[BlackTeam "BRA"]
[WhiteClock "0:00:16"]
[BlackClock "0:00:21"]

1. e4 e6 2. d4 d5 3. Nd2 c5 4. exd5 Qxd5 5. Bc4 Qd8 6. Ngf3 Nf6 7. O-O Nc6 8. Nb3 cxd4 9. Nbxd4 Bd7 10. Nb5 Na5 11. Bf4 Nxc4 12. Nc7+ Ke7 13. Nxa8 Qxa8 14. b3 Nd5 15. Bg5+ f6 16. bxc4 Nb6 17. Be3 Nxc4 18. Qd3 Qc8 19. Rfd1 a6 20. Rab1 Bb5 21. Qb3 Kf7 22. a4 Na5 23. Qb2 Nc4 24. Qa2 Nxe3 25. fxe3 Bc6 26. Nd4 Bd5 27. Qb2 Bc5 28. Kh1 Rd8 29. c3 b6 30. Qc2 Kg8 31. e4 Bc4 32. Qf2 e5 33. Nf5 Bxf2 34. Ne7+ Kf7 35. Nxc8 Rxc8 36. h3 Bc5 37. Rd7+ Kg6 38. Rbd1 Bb3 39. R1d3 Bxa4 40. Rg3+ Kh6 41. Rdxg7 Bd1 42. Rd3 Rc6 43. Rg8 Bh5 44. g4 Bg6 45. h4 Bxe4+ 46. Kh2 Bxd3 47. Kg3 f5 48. g5+ Kh5 49. Rg7 f4+ 50. Kh3 Bg6 51. Ra7 a5 52. Rb7 Rd6 0-1

[Event "January 2 Late 2024"]
[Site "https://www.chess.com"]
[Date "2024.01.02"]
[Round "5"]
[White "Lievano Alvarado, Luis"]
[Black "Burke, Paul"]
[Result "0-1"]
[Board "210"]
[TimeControl "180+1"]
[WhiteFideId "6700365"]
[BlackFideId "2605767"]
[WhiteElo "2118"]
[BlackElo "1916"]
[WhiteTeam "ESA"]
[BlackTeam "CAN"]
[WhiteClock "0:01:56"]
[BlackClock "0:01:01"]

1. d4 a6 2. e4 d6 3. c4 g6 4. Nc3 Bg7 5. Be3 h6 6. f3 Nd7 7. Nge2 e5 8. Qd2 Ne7 9. h4 f5 10. h5 g5 11. Bf2 f4 12. O-O-O O-O 13. Kb1 c6 14. dxe5 Nxe5 15. Nd4 Qc7 16. Qc2 c5 17. Nb3 Be6 18. Nd5 Bxd5 19. exd5 b5 20. cxb5 axb5 21. Bxb5 Rfb8 22. Bd3 Qa7 23. Bh7+ Kh8 24. a3 Qb7 25. Nd2 Rxa3 26. Nc4 Nxc4 0-1

[Event "January 2 Late 2024"]
[Site "https://www.chess.com"]
[Date "2024.01.02"]
[Round "5"]
[White "Petersson, Kjell"]
[Black "Vargas, Mauricio"]
[Result "1-0"]
[Board "211"]
[TimeControl "180+1"]
[WhiteFideId "1705148"]
[BlackFideId "4404572"]
[WhiteElo "2112"]
[BlackElo "1836"]
[WhiteTeam "SWE"]
[BlackTeam "COL"]
[WhiteClock "0:00:17"]
[BlackClock "0:00:00"]

1. d4 d5 2. Bf4 h5 3. Nf3 Bg4 4. e3 e5 5. dxe5 Bxf3 6. Qxf3 g5 7. e4 dxe4 8. Qxe4 gxf4 9. Qxb7 Nd7 10. Bb5 Rb8 11. Bxd7+ Kxd7 12. Qd5+ Ke8 13. Qc6+ Qd7 14. Qc3 Bb4 15. O-O Bxc3 16. Nxc3 Qe6 17. b3 Nh6 18. Ne4 Qxe5 19. Rfe1 Qg7 20. Nf6+ Kf8 21. Nd7+ Kg8 22. Nxb8 Kh7 23. Nc6 Rg8 24. g3 fxg3 25. fxg3 Ng4 26. Rad1 Nxh2 27. Rd3 Ng4 28. Ne7 Re8 29. Kg2 Qf6 30. Rf3 Qg7 31. Nf5 Qg6 32. Rxe8 Qc6 33. Re2 h4 34. Nd4 Qb7 35. Re7 Kg7 36. Rxf7+ Kg6 37. Rf8 Ne5 38. Rg8+ Kh7 39. Rg5 Nxf3 40. Nxf3 hxg3 41. Kxg3 Qc6 42. c4 Qd6+ 43. Kg4 Qd3 44. Rh5+ Kg6 45. Rg5+ Kf6 46. Rh5 Qe4+ 47. Kg3 Qe6 48. Rh6+ Kf7 49. Rxe6 Kxe6 50. Kf4 Kd6 51. Ke4 Kc5 52. Kd3 Kb4 53. Kc2 Ka3 54. Kb1 a5 55. Nd4 c5 56. Nb5+ Kb4 57. Kb2 a4 58. a3+ Ka5 59. bxa4 Kxa4 60. Nc7 Ka5 61. Ne6 Kb6 62. Kb3 Kc6 63. Ka4 Kd6 64. Ng5 Kc6 65. Ne4 Kb6 66. Kb3 Kc6 67. a4 Kb6 68. Ka3 Kc6 69. a5 Kb7 70. Ka4 Kc6 71. a6 Kb6 72. Nxc5 1-0

[Event "January 2 Late 2024"]
[Site "https://www.chess.com"]
[Date "2024.01.02"]
[Round "6"]
[White "Sarana, Alexey"]
[Black "Nakamura, Hikaru"]
[Result "0-1"]
[Board "1"]
[TimeControl "180+1"]
[WhiteFideId "24133795"]
[BlackFideId "2016192"]
[WhiteElo "3018"]
[BlackElo "3280"]
[WhiteTeam "SRB"]
[BlackTeam "USA"]
[WhiteClock "0:00:14"]
[BlackClock "0:00:13"]

1. d4 f5 2. c4 Nf6 3. Nc3 d6 4. Bg5 c6 5. e3 g6 6. Bd3 Bg7 7. f3 e5 8. Nge2 h6 9. Bh4 O-O 10. O-O Qe7 11. Qc2 Be6 12. Rae1 Nbd7 13. h3 Rae8 14. b3 Qf7 15. g4 Kh8 16. Ng3 exd4 17. exd4 Nh7 18. Nce2 d5 19. Kg2 Rg8 20. Nf4 Bxd4 21. Nxe6 Rxe6 22. Rxe6 Qxe6 23. gxf5 gxf5 24. Bxf5 Qf7 25. cxd5 cxd5 26. Qd2 Bf6 27. Bxh7 Kxh7 28. Qd3+ Qg6 29. Qxg6+ Kxg6 30. Bxf6 Nxf6 31. Rc1 d4 32. Kf2 Rd8 33. Ne2 d3 34. Rd1 Rc8 35. Rxd3 Rc2 36. a4 Rb2 37. Ke3 Kf7 38. Nf4 Rb1 39. Rc3 Ne8 40. Ke4 Re1+ 41. Kf5 Ng7+ 42. Kg4 Rg1+ 43. Ng2 Rxg2+ 44. Kf4 Ne6+ 45. Ke5 Rg5+ 46. Kd6 Rg6 47. Kd7 b6 48. Kc8 a5 49. Kb7 Nc5+ 50. Ka7 Rf6 51. f4 Kg6 52. f5+ Kxf5 53. Rf3+ Kg6 54. Rxf6+ Kxf6 55. Kxb6 Nxb3 56. Kb5 Ke5 57. Kc4 Nd4 58. h4 h5 59. Kc5 Nf5 60. Kb5 Nxh4 61. Kxa5 Nf5 62. Kb6 Nd6 63. a5 Nc4+ 64. Kb5 Nxa5 65. Kxa5 h4 0-1

[Event "January 2 Late 2024"]
[Site "https://www.chess.com"]
[Date "2024.01.02"]
[Round "6"]
[White "Firouzja, Alireza"]
[Black "Sanal, Vahap"]
[Result "0-1"]
[Board "2"]
[TimeControl "180+1"]
[WhiteFideId "12573981"]
[BlackFideId "6300545"]
[WhiteElo "3171"]
[BlackElo "2894"]
[WhiteTeam "FRA"]
[BlackTeam "TUR"]
[WhiteClock "0:00:03"]
[BlackClock "0:00:09"]

1. e4 e5 2. Nf3 Nc6 3. Bb5 Nf6 4. d3 Bc5 5. Bxc6 dxc6 6. Nc3 Bg4 7. h3 Bxf3 8. Qxf3 Nd7 9. Be3 Qe7 10. O-O-O O-O-O 11. Ne2 f6 12. d4 exd4 13. Nxd4 Ne5 14. Qf5+ Kb8 15. Rhe1 Rd6 16. Qf4 g6 17. Nb3 Bb6 18. Rxd6 Qxd6 19. Rd1 Qe6 20. Bd4 a5 21. Bxb6 cxb6 22. a3 a4 23. Nd4 Qe7 24. Nf3 b5 25. Nxe5 fxe5 26. Qd2 Re8 27. Qd7 Qg5+ 28. Kb1 Rc8 29. Qd6+ Ka8 30. g3 Qh5 31. Rd2 Qxh3 32. Qxe5 Qf1+ 33. Ka2 Qc4+ 34. Kb1 Qf1+ 35. Ka2 Qc4+ 36. b3 axb3+ 37. cxb3 Qc1 38. Qb2 Qe1 39. Re2 Qd1 40. Qd2 Qxd2+ 41. Rxd2 Re8 42. f3 Re7 43. Kb2 Ka7 44. Kc3 Kb6 45. b4 Kc7 46. Rh2 h5 47. Kd4 b6 48. g4 hxg4 49. f4 Kd6 50. Rg2 c5+ 51. Ke3 Ra7 52. Rxg4 Rxa3+ 53. Ke2 cxb4 54. Rxg6+ Kc5 55. f5 b3 56. f6 b2 57. f7 Ra8 58. Rg1 Rf8 59. Rb1 Rxf7 60. Rxb2 b4 61. Ke3 Kc4 62. Rc2+ Kb3 63. Rc6 Rb7 64. Kd4 Ka2 65. Kc4 b3 66. Rh6 b2 67. Rh2 Ka1 68. Rh1+ b1=Q 69. Rxb1+ Kxb1 0-1

[Event "January 2 Late 2024"]
[Site "https://www.chess.com"]
[Date "2024.01.02"]
[Round "6"]
[White "Caruana, Fabiano"]
[Black "Melkumyan, Hrant"]
[Result "1-0"]
[Board "3"]
[TimeControl "180+1"]
[WhiteFideId "2020009"]
[BlackFideId "13302485"]
[WhiteElo "3043"]
[BlackElo "2886"]
[WhiteTeam "USA"]
[BlackTeam "ARM"]
[WhiteClock "0:00:21"]
[BlackClock "0:00:00"]

1. c4 e6 2. Nc3 d5 3. d4 Be7 4. cxd5 exd5 5. Bf4 Nf6 6. e3 O-O 7. Bd3 c5 8. Nf3 Bg4 9. dxc5 Bxc5 10. O-O Nc6 11. h3 Bxf3 12. Qxf3 d4 13. Ne4 Nxe4 14. Bxe4 g6 15. Rfd1 Qb6 16. Bxc6 bxc6 17. Be5 Rae8 18. exd4 Be7 19. d5 cxd5 20. Rxd5 Qe6 21. Bc3 Bd6 22. g3 Bc7 23. Rad1 Qc6 24. Kg2 Re6 25. Rd7 Qxf3+ 26. Kxf3 Bb6 27. a4 a6 28. a5 Bc5 29. Rb7 h5 30. Rdd7 Bd6 31. Rb6 Bc5 32. Rbb7 Bd6 33. Bd4 Be5 34. Bc5 Rf6+ 35. Kg2 Rc8 36. b4 Rf5 37. Ra7 Bc3 38. Rxa6 Kh7 39. Raa7 Kg7 40. a6 Rb8 41. Rab7 Ra8 42. a7 Be1 43. Rb8 1-0

[Event "January 2 Late 2024"]
[Site "https://www.chess.com"]
[Date "2024.01.02"]
[Round "6"]
[White "Nihal Sarin"]
[Black "Anton Guijarro, David"]
[Result "1-0"]
[Board "4"]
[TimeControl "180+1"]
[WhiteFideId "25092340"]
[BlackFideId "2285525"]
[WhiteElo "3210"]
[BlackElo "2983"]
[WhiteTeam "IND"]
[BlackTeam "ESP"]
[WhiteClock "0:00:04"]
[BlackClock "0:00:00"]

1. d4 Nf6 2. c4 g6 3. Nc3 Bg7 4. e4 d6 5. h3 Nbd7 6. Be3 e5 7. d5 h5 8. Qd2 Nc5 9. Bd3 h4 10. b4 Nxd3+ 11. Qxd3 a5 12. bxa5 Nh5 13. Nge2 f5 14. c5 O-O 15. cxd6 cxd6 16. f3 Nf4 17. Nxf4 exf4 18. Bb6 Qf6 19. Rc1 Bd7 20. O-O Rac8 21. Ne2 fxe4 22. fxe4 Rxc1 23. Nxc1 g5 24. Ne2 Qg6 25. Bd4 Be5 26. Bxe5 dxe5 27. d6 Bc6 28. Nc3 Kh7 29. Kh2 g4 30. hxg4 Qxg4 31. Rf3 Rg8 32. Qd2 Qe6 33. Rh3 Qf6 34. Nd5 Bxd5 35. Qxd5 Rg3 36. d7 f3 37. Rxg3 hxg3+ 38. Kxg3 f2 39. d8=Q Qf4+ 40. Kh3 Qe3+ 41. Kg4 Qf4+ 42. Kh3 Qe3+ 43. Kh2 1-0

[Event "January 2 Late 2024"]
[Site "https://www.chess.com"]
[Date "2024.01.02"]
[Round "6"]
[White "Matlakov, Maxim"]
[Black "Naroditsky, Daniel"]
[Result "1/2-1/2"]
[Board "5"]
[TimeControl "180+1"]
[WhiteFideId "4168003"]
[BlackFideId "2026961"]
[WhiteElo "2965"]
[BlackElo "3150"]
[WhiteTeam "RUS"]
[BlackTeam "USA"]
[WhiteClock "0:00:43"]
[BlackClock "0:01:34"]

1. d4 Nf6 2. Nf3 g6 3. c4 Bg7 4. Nc3 O-O 5. e4 d6 6. Be2 e5 7. O-O Na6 8. Be3 Qe7 9. dxe5 dxe5 10. Nd5 Qd8 11. Qc2 c6 12. Nxf6+ Qxf6 13. h3 c5 14. Rfd1 b6 15. a3 Bb7 16. Nd2 Nc7 17. Nb1 Ne6 18. Nc3 Nd4 19. Bxd4 exd4 20. Nd5 Qd6 21. Bd3 Rfe8 22. Re1 Bxd5 23. exd5 Bf6 24. Qa4 Re7 25. Qc6 Rd8 26. b4 Rxe1+ 27. Rxe1 Be7 28. Qb7 Rd7 29. Qc8+ Rd8 30. Qb7 Rd7 31. Qc8+ Rd8 32. Qb7 1/2-1/2

[Event "January 2 Late 2024"]
[Site "https://www.chess.com"]
[Date "2024.01.02"]
[Round "6"]
[White "Paravyan, David"]
[Black "Kamsky, Gata"]
[Result "1/2-1/2"]
[Board "6"]
[TimeControl "180+1"]
[WhiteFideId "4194985"]
[BlackFideId "2000024"]
[WhiteElo "3111"]
[BlackElo "2963"]
[WhiteTeam "FID"]
[BlackTeam "USA"]
[WhiteClock "0:01:11"]
[BlackClock "0:00:49"]

1. e4 c5 2. Nf3 Nc6 3. Bb5 e6 4. O-O Nge7 5. Re1 a6 6. Bf1 d5 7. exd5 Nxd5 8. d4 cxd4 9. Nxd4 Ndb4 10. Nxc6 Qxd1 11. Rxd1 bxc6 12. Na3 a5 13. Bd2 Nd5 14. Nc4 a4 15. Ne5 Bb7 16. c4 Ne7 17. Bc3 f6 18. Nd7 Nf5 19. Nxf8 Rxf8 20. Rd2 c5 21. Re1 Ke7 22. Bd3 g6 23. Rde2 Ra6 24. b4 axb3 25. axb3 Rd8 26. Bxf5 gxf5 27. f3 e5 28. b4 cxb4 29. Bxb4+ Ke6 30. Rd2 Rxd2 31. Bxd2 Ra2 32. Be3 Rc2 33. Rc1 Rxc1+ 34. Bxc1 f4 1/2-1/2

[Event "January 2 Late 2024"]
[Site "https://www.chess.com"]
[Date "2024.01.02"]
[Round "6"]
[White "Martinez Alcantara, Jose Eduardo"]
[Black "Alekseenko, Kirill"]
[Result "1/2-1/2"]
[Board "7"]
[TimeControl "180+1"]
[WhiteFideId "3805662"]
[BlackFideId "4135539"]
[WhiteElo "3052"]
[BlackElo "2936"]
[WhiteTeam "PER"]
[BlackTeam "AUT"]
[WhiteClock "0:00:04"]
[BlackClock "0:00:04"]

1. e4 e5 2. Nf3 Nc6 3. Bb5 a6 4. Ba4 d6 5. c3 Bd7 6. d4 Nge7 7. h4 Ng8 8. Bg5 Be7 9. dxe5 Nxe5 10. Nxe5 dxe5 11. Nd2 Bxa4 12. Qxa4+ b5 13. Qb3 Bxg5 14. hxg5 Qxg5 15. Nf3 Qe7 16. Qd5 Rd8 17. Qc6+ Qd7 18. Nxe5 Qxc6 19. Nxc6 Rd6 20. Nd4 Ne7 21. Ke2 O-O 22. Rhd1 Re8 23. Nb3 Rg6 24. Kf1 f5 25. Re1 Kf7 26. Rad1 Rd6 27. Rxd6 cxd6 28. Rd1 fxe4 29. Rxd6 Nf5 30. Rxa6 e3 31. fxe3 Nxe3+ 32. Kg1 Ng4 33. g3 Re2 34. Nd4 Rxb2 35. Ra7+ Kf6 36. Rb7 Rxa2 37. Rxb5 g6 38. Rb7 h5 39. Rb6+ Kf7 40. Rb7+ Kf6 41. Rb6+ Kg7 42. Ne6+ Kf7 43. Ng5+ Kg7 44. Ne6+ Kh6 45. Nf4 Ne5 46. Re6 Ra5 47. Kg2 Kg5 48. Kh3 Kf5 49. Re8 Ra3 50. Rf8+ Ke4 51. Re8 Kf5 52. Rf8+ Ke4 53. Re8 Ra6 54. c4 Kf5 55. Rf8+ Ke4 56. c5 g5 57. Nxh5 g4+ 58. Kg2 Ra2+ 59. Rf2 Ra5 60. Nf6+ Kd4 61. Rf4+ Kxc5 62. Nxg4 Ra2+ 63. Kh3 Nd3 64. Rf5+ Kd6 65. Kh4 Ra4 66. Kg5 Ke6 67. Rf6+ Ke7 68. Rb6 Ra5+ 69. Kh4 Ra4 70. Rb7+ Ke6 71. Kg5 Nc5 72. Rb6+ Ke7 73. Kh5 Ne6 74. Rb7+ Kd6 75. Nh6 Ra5+ 76. Kg6 Nd8 77. Rb8 Kc7 78. Rb1 Ra6+ 79. Kh7 Ne6 80. Rc1+ Kd7 81. g4 Ke7 82. Nf5+ Kf6 83. Rc8 Ng5+ 84. Kg8 Ra7 85. Rf8+ Ke5 86. Nh4 Ne6 87. Ng6+ Ke4 88. Rf6 Kd5 89. Kh8 Ra8+ 90. Kh7 Ra7+ 91. Kg8 Ra8+ 92. Kf7 Nd4 93. Nf4+ Ke4 94. Ng6 Ra7+ 95. Kf8 Nf3 96. Rf4+ Ke3 97. Rf5 Ke4 98. Rf4+ Ke3 99. Rf6 Ng5 100. Kg8 Ra8+ 101. Kg7 Ra7+ 102. Kh6 Ne4 103. Re6 Kf3 104. g5 Nxg5 105. Kxg5 Ra8 106. Nh4+ Kf2 107. Kg4 Ra4+ 108. Kg5 Ra5+ 109. Nf5 Ra4 110. Rb6 Ra8 111. Rb4 Ra7 112. Kf4 Ra2 113. Ng3 Ra8 114. Rb2+ Ke1 115. Ne4 Kd1 116. Rh2 Kc1 117. Ke5 Rd8 118. Nc5 Kd1 119. Ke4 Re8+ 120. Kd4 Rd8+ 121. Ke3 Re8+ 122. Ne4 Kc1 123. Kd3 Rc8 124. Nc3 Rd8+ 125. Ke3 Rd3+ 126. Kxd3 1/2-1/2

[Event "January 2 Late 2024"]
[Site "https://www.chess.com"]
[Date "2024.01.02"]
[Round "6"]
[White "Mahdavi, Reza"]
[Black "Pranav, V"]
[Result "1/2-1/2"]
[Board "8"]
[TimeControl "180+1"]
[WhiteFideId "12595926"]
[BlackFideId "25060783"]
[WhiteElo "2865"]
[BlackElo "3044"]
[WhiteTeam "IRI"]
[BlackTeam "IND"]
[WhiteClock "0:00:04"]
[BlackClock "0:00:02"]

1. e4 e5 2. Nf3 Nc6 3. Nc3 Nf6 4. d4 exd4 5. Nxd4 Bb4 6. Nxc6 bxc6 7. Bd3 d5 8. Bd2 O-O 9. O-O Re8 10. Nxd5 Nxd5 11. exd5 Bxd2 12. Qxd2 cxd5 13. Rfe1 Be6 14. b4 Qd6 15. a4 c5 16. b5 Rad8 17. Bf1 d4 18. c4 dxc3 19. Qxc3 h6 20. a5 c4 21. h3 Rb8 22. Re5 Rec8 23. Rae1 Qd7 24. Rb1 Bf5 25. Rb2 Bd3 26. Rd2 Qd6 27. Bxd3 cxd3 28. Rxd3 Qf6 29. Qd4 Rd8 30. Rd5 Rxd5 31. Qxd5 Qa1+ 32. Kh2 Qxa5 33. Rf3 Qc7+ 34. g3 Re8 35. h4 Re6 36. Qa2 Re5 37. Ra3 Re7 38. Ra6 Qd7 39. Rc6 Qf5 40. Qc2 Qxc2 41. Rxc2 Rb7 42. Rc5 Rb6 43. Kg2 a6 44. bxa6 Rxa6 45. h5 g6 46. hxg6 1/2-1/2

[Event "January 2 Late 2024"]
[Site "https://www.chess.com"]
[Date "2024.01.02"]
[Round "6"]
[White "Kadric, Denis"]
[Black "Bluebaum, Matthias"]
[Result "0-1"]
[Board "9"]
[TimeControl "180+1"]
[WhiteFideId "14403803"]
[BlackFideId "24651516"]
[WhiteElo "2838"]
[BlackElo "3026"]
[WhiteTeam "MNE"]
[BlackTeam "GER"]
[WhiteClock "0:00:00"]
[BlackClock "0:00:40"]

1. e4 e6 2. d3 d5 3. Nd2 Nf6 4. e5 Nfd7 5. f4 c5 6. Ndf3 Nc6 7. Nh3 f6 8. exf6 Qxf6 9. g3 Bd6 10. Bg2 O-O 11. O-O Nb6 12. c3 Bd7 13. Nf2 e5 14. fxe5 Nxe5 15. Nxe5 Qxe5 16. d4 cxd4 17. cxd4 Qe7 18. Qh5 Rf5 19. Qd1 Raf8 20. Bd2 Qf6 21. Qe2 a6 22. Ng4 Qxd4+ 23. Ne3 Nc4 24. Rxf5 Rxf5 25. Rd1 Bc5 26. Bc1 Qxe3+ 27. Bxe3 Nxe3 28. Kh1 Bb5 29. Qd2 Nxg2 30. Kxg2 Bc6 31. g4 d4+ 0-1

[Event "January 2 Late 2024"]
[Site "https://www.chess.com"]
[Date "2024.01.02"]
[Round "6"]
[White "Zarubitski, Viachaslau"]
[Black "Le, Tuan Minh"]
[Result "0-1"]
[Board "10"]
[TimeControl "180+1"]
[WhiteFideId "13509373"]
[BlackFideId "12401153"]
[WhiteElo "2735"]
[BlackElo "3010"]
[WhiteTeam "BLR"]
[BlackTeam "VIE"]
[WhiteClock "0:00:00"]
[BlackClock "0:00:07"]

1. c4 c6 2. Nf3 Nf6 3. b3 d5 4. Bb2 Bf5 5. g3 e6 6. Bg2 h6 7. O-O Be7 8. d3 O-O 9. Nbd2 a5 10. a3 Nbd7 11. Qc2 Bh7 12. Bc3 b5 13. cxb5 cxb5 14. b4 a4 15. Rac1 Rc8 16. Qb2 Qb6 17. Bd4 Qb7 18. Ne5 Nxe5 19. Bxe5 Rfd8 20. Nf3 Ne8 21. Rxc8 Rxc8 22. Rc1 f6 23. Bd4 e5 24. Bc5 Bxc5 25. bxc5 Bf5 26. Nxe5 fxe5 27. Qxe5 Qd7 28. Bxd5+ Kh8 29. c6 Bh3 30. f4 Qc7 31. Qh5 Rd8 32. e4 Qb6+ 33. Kh1 Bc8 34. Qe2 Nf6 35. Bf7 Ng4 36. h3 Nf2+ 37. Kg2 Bxh3+ 38. Kh2 Bg4 39. Qd2 Rxd3 40. c7 Bc8 41. Qe2 Rd7 42. Bd5 Rxc7 43. Rxc7 Qxc7 44. Qxf2 Bd7 45. Qd4 Qc2+ 46. Kg1 Qc1+ 47. Kf2 Qxa3 48. e5 Qe7 49. e6 Be8 50. Qe5 b4 51. Qd4 b3 52. Qc3 Qa7+ 53. Kf3 Qb8 0-1

[Event "January 2 Late 2024"]
[Site "https://www.chess.com"]
[Date "2024.01.02"]
[Round "6"]
[White "Kollars, Dmitrij"]
[Black "Troff, Kayden"]
[Result "1-0"]
[Board "11"]
[TimeControl "180+1"]
[WhiteFideId "12909572"]
[BlackFideId "2047896"]
[WhiteElo "3003"]
[BlackElo "2809"]
[WhiteTeam "GER"]
[BlackTeam "USA"]
[WhiteClock "0:00:09"]
[BlackClock "0:00:01"]

1. e4 c5 2. Nf3 g6 3. c3 Bg7 4. d4 cxd4 5. cxd4 d5 6. e5 Nc6 7. Bb5 Nh6 8. O-O Bg4 9. Bxc6+ bxc6 10. Nbd2 O-O 11. h3 Bxf3 12. Nxf3 f6 13. Re1 Nf7 14. exf6 exf6 15. Bf4 Qd7 16. Qa4 g5 17. Bg3 Rfe8 18. Rac1 Rxe1+ 19. Nxe1 f5 20. f4 Qe6 21. Bf2 Rc8 22. Nd3 Qe4 23. Ne5 Qxf4 24. Rxc6 Rxc6 25. Qxc6 Nxe5 26. Qe8+ Bf8 27. dxe5 d4 28. e6 Qc1+ 29. Kh2 Qc7+ 30. g3 Qe7 31. Qd7 d3 32. a4 f4 33. gxf4 gxf4 34. Qxd3 Qxe6 35. Bxa7 f3 36. Qxf3 Bd6+ 37. Kg1 Qe1+ 38. Qf1 Qe5 39. Qg2+ Kf7 40. Qf3+ Kg8 41. Qg4+ Kf7 42. Bd4 Qe1+ 43. Kg2 Qd2+ 44. Bf2 Be5 45. Qf5+ Bf6 46. Qh5+ Kg7 47. Qg4+ Kf7 48. Qc4+ Kg7 49. b4 h5 50. Qc7+ Kg6 51. Qg3+ Kf7 52. Qb3+ Kg6 53. b5 Be5 54. Qe3 Qd5+ 55. Qf3 Qc4 56. Qc6+ Qxc6+ 57. bxc6 Bc7 58. Bg3 Bxg3 59. Kxg3 1-0

[Event "January 2 Late 2024"]
[Site "https://www.chess.com"]
[Date "2024.01.02"]
[Round "6"]
[White "Rustemov, Alexander"]
[Black "Vachier-Lagrave, Maxime"]
[Result "0-1"]
[Board "12"]
[TimeControl "180+1"]
[WhiteFideId "4119002"]
[BlackFideId "623539"]
[WhiteElo "2867"]
[BlackElo "3190"]
[WhiteTeam "RUS"]
[BlackTeam "FRA"]
[WhiteClock "0:00:00"]
[BlackClock "0:00:15"]

1. d4 Nf6 2. Nf3 d5 3. c3 c6 4. Qc2 g6 5. Bf4 Bg7 6. e3 O-O 7. h3 Bf5 8. Bd3 Bxd3 9. Qxd3 Qb6 10. Qc2 Qa6 11. Qe2 Qxe2+ 12. Kxe2 Nbd7 13. a4 Rfc8 14. Nbd2 c5 15. Ne5 Nf8 16. a5 Ne6 17. Bh2 Ne8 18. Nd3 Rc6 19. Nf4 N8c7 20. Rhd1 Rc8 21. Nxe6 Nxe6 22. Nf3 Ra6 23. Kd3 Kf8 24. Be5 f6 25. Bg3 Kf7 26. Ra4 Bf8 27. Rb1 Rac6 28. Ke2 Ng7 29. Bh2 e6 30. g4 g5 31. Bg3 h5 32. Rg1 Be7 33. Raa1 Rh8 34. Kd3 Ne8 35. Rab1 Bd6 36. Nd2 Bxg3 37. Rxg3 Nd6 38. Rg2 hxg4 39. hxg4 Rh3 40. Ke2 Kg6 41. Ra1 Rc7 42. Nb3 c4 43. Nd2 Rch7 44. Rb1 Rh1 45. Rgg1 Rxg1 46. Rxg1 Kf7 47. Rb1 Ke7 48. b3 cxb3 49. Rxb3 Rh4 50. Kf3 Kd7 51. Rb1 Kc6 52. Kg3 Rh7 53. Rb4 Rh1 54. c4 Ra1 55. c5 Nb5 56. Nb3 Ra2 57. Kg2 Nc3 58. Kf3 Ne4 0-1

[Event "January 2 Late 2024"]
[Site "https://www.chess.com"]
[Date "2024.01.02"]
[Round "6"]
[White "Nepomniachtchi, Ian"]
[Black "Batsuren, Dambasuren"]
[Result "1/2-1/2"]
[Board "13"]
[TimeControl "180+1"]
[WhiteFideId "4168119"]
[BlackFideId "4902920"]
[WhiteElo "3125"]
[BlackElo "2857"]
[WhiteTeam "RUS"]
[BlackTeam "MGL"]
[WhiteClock "0:00:39"]
[BlackClock "0:00:27"]

1. e4 c6 2. d4 d5 3. Nc3 dxe4 4. Nxe4 Nf6 5. Nxf6+ exf6 6. Be3 Na6 7. a3 Bd6 8. Bd3 Nc7 9. c4 O-O 10. Ne2 Re8 11. O-O Bg4 12. Re1 f5 13. f3 Rxe3 14. fxg4 Qh4 15. g3 Bxg3 16. Nxg3 Rxg3+ 17. hxg3 Qxg3+ 18. Kf1 Qh3+ 19. Kf2 Qh2+ 20. Kf3 Qh3+ 21. Kf4 Qh2+ 22. Kf3 Qh3+ 23. Kf2 Qh2+ 24. Kf1 Qh1+ 25. Kf2 Qh2+ 1/2-1/2

[Event "January 2 Late 2024"]
[Site "https://www.chess.com"]
[Date "2024.01.02"]
[Round "6"]
[White "Maksimovic, Bojan"]
[Black "Aronian, Levon"]
[Result "1-0"]
[Board "14"]
[TimeControl "180+1"]
[WhiteFideId "14408120"]
[BlackFideId "13300474"]
[WhiteElo "2851"]
[BlackElo "3105"]
[WhiteTeam "BIH"]
[BlackTeam "USA"]
[WhiteClock "0:00:04"]
[BlackClock "0:00:00"]

1. a3 d5 2. h3 e5 3. e3 Nf6 4. d4 exd4 5. exd4 Bd6 6. Bd3 O-O 7. Ne2 Re8 8. Nc3 c6 9. O-O Nbd7 10. Bf4 Bf8 11. Qd2 a5 12. Rae1 b5 13. Ng3 g6 14. Rxe8 Nxe8 15. Re1 Ng7 16. Nd1 Nb6 17. Bg5 f6 18. Bh6 Ra7 19. Ne3 a4 20. c3 Rf7 21. Nc2 Bd6 22. Nb4 Bd7 23. Bf4 Bf8 24. Nf1 Qc8 25. Ne3 Nh5 26. Bh2 Bh6 27. Qd1 Nf4 28. Bf1 Ne6 29. Ng4 Bg7 30. Nd3 Nc4 31. Qc2 Bf8 32. Ne3 Nb6 33. Nb4 Ng5 34. Qd1 Ne4 35. Nd3 Re7 36. f3 Ng5 37. h4 Nf7 38. Nc5 Re8 39. h5 f5 40. hxg6 hxg6 41. Nc2 Bh6 42. Bg3 Bg5 43. Nb4 f4 44. Bh2 Bf5 45. Nbd3 Nc4 46. Nxf4 Nxb2 47. Qd2 Nc4 48. Bxc4 bxc4 49. g4 Bd7 50. Rxe8+ Qxe8 51. Qe2 Qxe2 52. Nxe2 Bc8 53. Nxa4 Be7 54. Nc5 Ng5 55. Kg2 Kf7 56. a4 Ne6 57. Nxe6 Kxe6 58. Bc7 Kd7 59. Bb6 g5 60. a5 Bd6 61. Bc5 Bc7 62. Bb4 Ke6 63. Kf2 Kf6 64. Ke3 Bh2 65. Kf2 Bc7 66. Ng1 Kg6 67. Nh3 Kf6 68. Ke2 Bg3 69. Nf2 Bc7 70. Nd1 Ba6 71. Nb2 Bc8 72. Na4 Ke6 73. Nc5+ Kf6 74. Na4 Bd8 75. Nb6 Ba6 76. Bd6 Bxb6 77. axb6 Ke6 78. Bc7 Bc8 79. Bd8 1-0

[Event "January 2 Late 2024"]
[Site "https://www.chess.com"]
[Date "2024.01.02"]
[Round "6"]
[White "Bachmann, Axel"]
[Black "Oparin, Grigoriy"]
[Result "0-1"]
[Board "15"]
[TimeControl "180+1"]
[WhiteFideId "3700488"]
[BlackFideId "24125890"]
[WhiteElo "2826"]
[BlackElo "3045"]
[WhiteTeam "PAR"]
[BlackTeam "USA"]
[WhiteClock "0:00:00"]
[BlackClock "0:00:14"]

1. Nf3 c5 2. c4 Nf6 3. Nc3 b6 4. d4 cxd4 5. Nxd4 Bb7 6. f3 Nc6 7. e4 e6 8. Be3 Bc5 9. Qd2 O-O 10. O-O-O Rc8 11. Kb1 Na5 12. Ndb5 d5 13. cxd5 exd5 14. e5 Nd7 15. Bxc5 Rxc5 16. f4 Ba6 17. Bd3 Bxb5 18. Bxb5 Nb8 19. Nxd5 Kh8 20. Be2 Nc4 21. Bxc4 Rxc4 22. Qe2 Rc5 23. Qe4 Qc8 24. Rc1 Na6 25. Rxc5 Nxc5 26. Qc2 Rd8 27. Rd1 h6 28. b4 Na4 29. Qxc8 Rxc8 30. Ne7 Rc4 31. Rd8+ Kh7 32. f5 Rxb4+ 33. Kc2 Re4 34. Nc6 Nc5 35. Rf8 Rc4+ 36. Kb1 Nd3 0-1